 Dungeon Crawl Stone Soup version 0.29-a0-251-g80730f7218 (webtiles) character file.

Game seed: 9629498195531227762

65 horus123 the Magician (level 4, -1/30 HPs)
             Began as a Merfolk Venom Mage on Mar 5, 2022.
             Succumbed to a gnoll's poison
             ... on level 4 of the Dungeon.
             The game lasted 00:04:37 (1670 turns).

horus123 the Magician (Merfolk Venom Mage)          Turns: 1670, Time: 00:04:37

Health: -1/30      AC:  3    Str:  8    XL:     4   Next: 13%
Magic:  10/10      EV: 12    Int: 16    God:
Gold:   93         SH:  0    Dex: 14    Spells: 8/11 levels left

rFire   . . .      SeeInvis .   l - +0 trident
rCold   . . .      Faith    .   (no shield)
rNeg    . . .      Spirit   .   a - +0 robe
rPois   .          Reflect  .   f - +0 helmet
rElec   .          Harm     .   (no cloak)
rCorr   .          Rampage  .   (no gloves)
Will    .....                   (no boots)
Stlth   ++........              (no amulet)
HPRegen 0.10/turn               (no ring)
MPRegen 0.12/turn               (no ring)

@: lethally poisoned (-1 -> -22)
A: (nimble swimmer 2), mertail
a: no special abilities


You were on level 4 of the Dungeon.
You visited 1 branch of the dungeon, and saw 3 of its levels.

You collected 93 gold pieces.

Inventory:

Hand Weapons
 l - a +0 trident (weapon)
Armour
 a - a +0 robe (worn)
 f - a +0 helmet (worn)
Scrolls
 h - a scroll of vulnerability
Potions
 d - a potion of curing
 e - 2 potions of heal wounds {unknown}
 g - a potion of haste {unknown}
 i - a potion of flight {unknown}
 k - a potion of resistance {unknown}


   Skills:
 - Level 2.6 Dodging
 - Level 2.1 Stealth
 + Level 4.0 Spellcasting
 - Level 1.3 Transmutations
 - Level 3.2 Poison Magic


You had 8 spell levels left.
You knew the following spells:

 Your Spells              Type           Power      Damage    Failure   Level
a - Sting                 Tmut/Pois      40%        1d5       6%          1
b - Poisonous Vapours     Pois/Air       16%        N/A       13%         2

Your spell library contained the following spells:

 Spells                   Type           Power      Damage    Failure   Level
 Corpse Rot               Necr/Air       6%         N/A       26%         2
 Mephitic Cloud           Conj/Pois/Air  6%         N/A       32%         3
 Olgreb's Toxic Radiance  Pois           13%        N/A       41%         4


Dungeon Overview and Level Annotations

Branches:
Dungeon (2/15)

Altars:


Innate Abilities, Weirdness & Mutations

((You are very nimble when in or above water. (Stealth+, EV+, Speed+++)))
Your lower body shifts to a powerful aquatic tail in water.


Message History

The giant cockroach barely misses you.
You closely miss the giant cockroach.
The giant cockroach completely misses you.
The giant cockroach bites you.
You hit the giant cockroach.
The giant cockroach is severely wounded.
The giant cockroach closely misses you. x2
You hit the giant cockroach.
You kill the giant cockroach!
No target in view!
No target in view!
HP restored.
Found a stone staircase leading up.
Found an escape hatch in the floor.
Found a stone staircase leading down.
You drop a +0 dagger.
As you read the scroll labelled WYFRID INAUMEPT, it crumbles to dust.
It is a scroll of identify.
h - a scroll of vulnerability
As you read the scroll labelled RENTEOTW GITITZI, it crumbles to dust.
Your body is wracked with pain!
It was a scroll of torment.
A sourceless malevolence fills the Dungeon...
You fall into a shaft and drop 2 floors!
The shaft crumbles and collapses. 3 gnolls come into view.
A gnoll is wielding a +2 spear of venom.
The gnoll shouts! x3; You hear a shout!
You hear a bark!
Found Great Wizards, Vol.
VII and 5 javelins.
A jackal comes into view.
The gnoll throws a throwing net.
The throwing net hits you.
You become entangled in the net!
You see here a throwing net.
You tear a large gash into the net.
The gnoll hits you from afar with a +2 spear of venom.
You are poisoned.
You shred the net and break free!
You feel sick.
The gnoll hits you from afar with a +2 spear of venom!
* * * LOW HITPOINT WARNING * * *
You are more poisoned.
You die...

#......#.....#
#............#
####............#
................#
................#
.........g.....:#
......gg........#
........#h#.....#
.....g..#..@....#
........##......#
........##..#####
##.h...####.# #..
##. . ..


You could see 2 gnolls and a jackal.

Vanquished Creatures
  Terence (D:2)
  3 endoplasms
  2 giant cockroaches
  4 goblins (D:1)
  2 hobgoblins
  4 jackals (D:1)
  5 ball pythons
  4 bats (D:1)
  2 frilled lizards (D:1)
  2 kobolds
  11 rats
40 creatures vanquished.

Notes
Turn   | Place    | Note
-------+----------+-------------------------------------------
     0 | D:1      | horus123 the Merfolk Venom Mage began the quest for the
                  | Orb.
     0 | D:1      | Reached XP level 1. HP: 13/13 MP: 3/3
   299 | D:1      | Reached XP level 2. HP: 19/19 MP: 3/5
   331 | D:1      | Learned a level 2 spell: Poisonous Vapours
   511 | D:1      | Reached skill level 3 in Spellcasting
   870 | D:1      | Reached XP level 3. HP: 24/24 MP: 5/7
  1425 | D:2      | Found a faded altar of an unknown god.
  1487 | D:2      | Noticed Terence
  1506 | D:2      | Killed Terence
  1507 | D:2      | Reached skill level 4 in Spellcasting
  1507 | D:2      | Reached XP level 4. HP: 30/30 MP: 0/10
  1661 | D:2      | You fall into a shaft and drop 2 floors!
  1670 | D:4      | Succumbed to a gnoll's poison

Illustrated notes

Levels and vault maps discovered:
D:1:      minmay_arrival_diagonal_passages, layout_basic
D:2:      layout_rooms, chequers_ecumenical_altar_simple_redux,
          minmay_rat_gold_closets, uniq_crazy_yiuf_cottage, uniq_terence
D:4:      layout_basic, gammafunk_ghost_nasty_kobolds, minmay_pentomino_pile,
          uniq_natasha

Skill      XL: |  1  2  3 |
---------------+----------+-----
Spellcasting   | 3 4 |  4.0
Dodging        | |  2.6
Stealth        | |  2.1
Transmutations | |  1.3
Poison Magic   | |  3.2

Action                   |  1- 3 |  4- 6 || total
-------------------------+-------+-------++-------
Melee: Dagger            |    26 |       ||    26
       Trident           |       |     4 ||     4
 Cast: Sting             |    46 |       ||    46
       Poisonous Vapours |     2 |       ||     2
  Use: Scroll            |       |     2 ||     2
Armor: Robe              |    11 |       ||    11
Dodge: Dodged            |    32 |     4 ||    36

Table legend: (Time is in decaauts)
 A = Elapsed time spent in this place.
 B = Non-inter-level travel time spent in this place.
 C = Inter-level travel time spent in this place.
 D = Time resting spent in this place.
 E = Time spent auto-exploring this place.
 F = Levels seen in this place.
 G = Mean time per level.
                   A        B        C        D        E       F      G
               +--------+--------+--------+--------+--------+-----+--------+
         Total |   1669 |   1645 |     24 |    333 |    932 |   3 |  556.3 |
       Dungeon |   1669 |   1645 |     24 |    333 |    932 |   3 |  556.3 |
               +--------+--------+--------+--------+--------+-----+--------+

Top non-repeatable levels by time:
     D:1: 1193 daAuts
     D:2: 467 daAuts
     D:4: 8 daAuts
